 Dungeon Crawl Stone Soup version 0.28.0-45-g0d030f2227 (webtiles) character file.

Game seed: 16285246124937179439

4662 Bruhh the Thaumaturge (level 10, -3/76 HPs)
             Began as a Djinni Cinder Acolyte on Apr 24, 2022.
             Was an Elder of Ignis.
             Slain by a vampire mosquito (6 damage)
             ... on level 9 of the Dungeon.
             The game lasted 00:15:10 (7064 turns).

Bruhh the Thaumaturge (Djinni Cinder Acolyte)       Turns: 7064, Time: 00:15:11

Health: -3/76      AC:  4    Str: 13    XL:     10   Next: 71%
Gold:   497        EV: 11    Int: 19    God:    Ignis [****..] SH:  0 Dex: 10

rFire   + + +      SeeInvis +   I - +2 long sword (holy)
rCold   x . .      Faith    .   g - orb {*Rage}
rNeg    . . .      Spirit   .   b - +0 robe
rPois   ∞          Reflect  .   i - +0 helmet
rElec   .          Harm     .   E - +0 cloak {rCorr}
rCorr   +          Rampage  .   (no gloves)
Will    +....      Rage     20% (boots unavailable)
Stlth   +.........              d - amulet of regeneration
HPRegen 1.02/turn               h - ring of see invisible
MPRegen 0.00/turn               (no ring)

@: flying
A: sickness immunity, fire resistance 2, cold vulnerability 1, float, innate
caster, HP casting, extra vitality 1
a: Renounce Religion, Fiery Armour, Foxfire Swarm


You were on level 9 of the Dungeon.
You worshipped Ignis.
Ignis was greatly pleased with you.
You visited 2 branches of the dungeon, and saw 10 of its levels.

You collected 497 gold pieces.

Inventory:

Hand Weapons
 a - a -1 falchion of flaming
 H - a +1 short sword of holy wrath
 I - a +2 long sword of holy wrath (weapon)
Missiles
 p - 23 poisoned darts
Armour
 b - a +0 robe (worn)
 g - an orb of wrath (worn)
 i - a +0 helmet (worn)
 m - the +2 cloak of Erghadaoz {Rampage rPois}
   (You found it on level 3 of the Dungeon)

   rPois:     It protects you from poison.
   Rampage:   It bestows one free step when moving towards enemies.
 E - a +0 cloak of preservation (worn)
Jewellery
 d - an amulet of regeneration (around neck)
 h - a ring of see invisible (left hand)
Wands
 t - a wand of iceblast (7)
 J - a wand of digging (4)
Scrolls
 c - a scroll of enchant armour {unknown}
 j - a scroll of brand weapon {unknown}
 k - 3 scrolls of magic mapping {unknown}
 l - 5 scrolls of identify {unknown}
 o - 4 scrolls of teleportation {unknown}
 q - 2 scrolls of fear {unknown}
 r - 3 scrolls of enchant weapon {unknown}
 u - a scroll of noise {unknown}
 v - a scroll of vulnerability {unknown}
 w - a scroll of silence {unknown}
 y - a scroll of fog {unknown}
 C - a scroll of holy word {unknown}
 G - a scroll of amnesia {unknown}
Potions
 e - a potion of lignification {unknown}
 f - 2 potions of attraction {unknown}
 n - a potion of haste {unknown}
 s - 2 potions of mutation {unknown}
 x - a potion of brilliance {unknown}
 z - a potion of berserk rage {unknown}
 A - 3 potions of flight {unknown}
 B - 2 potions of might {unknown}
 D - a potion of magic {unknown}
 F - a potion of heal wounds {unknown}


   Skills:
 + Level 7.9 Fighting
 - Level 2.6 Long Blades
 - Level 10.4 Spellcasting
 - Level 1.0 Evocations


You had 17 spell levels left.
You knew the following spells:

 Your Spells              Type           Power      Damage    Failure   Level
a - Scorch                Fire           98%        2d9       1%          2
b - Freeze                Ice            100%       1d11      1%          1
c - Blink                 Tloc           98%        N/A       1%          2
d - Ignite Poison         Fire/Tmut/Pois 49%        N/A       1%          3
e - Summon Lightning Spi  Summ/Air       49%        N/A       1%          4
Your spell library was empty.

Dungeon Overview and Level Annotations

Branches:
Dungeon (9/15)             Temple (1/1) D:5
   Lair: D:8-11         Orc: D:9-12

Altars:
Ashenzari
Cheibriados
Dithmenos
Elyvilon
Fedhas
Gozag
Kikubaaqudgha
Makhleb
Nemelex Xobeh
Okawaru
Qazlal
Ru
Sif Muna
Trog
Uskayaw
Vehumet
Wu Jian
Xom
Yredelemnul
Zin
The Shining One

Annotations:
D:5 3 runed translucent doors, IcyS's ghost, novice GrEE
D:6 1 runed translucent door, Crazy Yiuf


Innate Abilities, Weirdness & Mutations

You are immune to sickness and miasma.
You are immune to poison.
Your flesh is very heat resistant. (rF++)
You are vulnerable to cold. (rC-)
You float through the air rather than walking.
You learn spells naturally, not from books.
Your magical power is your life essence.
You have superior vitality. (+4 MHP)


Message History

Flames lash the vampire mosquito.
The vampire mosquito is burned terribly!
You destroy the vampire mosquito!
You hear a shout!
An orc comes into view. It is wielding a +0 short sword.
The vampire mosquito barely misses you.
Casting: Scorch (safe; 1% risk of failure)
Confirm with . or Enter, or press ? or * to list all spells.
Flames lash the orc priest.
You kill the orc priest!
The vampire mosquito closely misses you.
The vampire mosquito bites you!
Casting: Scorch (safe; 1% risk of failure)
Confirm with . or Enter, or press ? or * to list all spells.
Flames lash the vampire mosquito.
The vampire mosquito is moderately damaged.
The vampire mosquito's fire resistance burns away.
* * * LOW HITPOINT WARNING * * *
You hear a shout!
The vampire mosquito misses you.
The vampire mosquito bites you but does no damage.
Casting: Scorch (safe; 1% risk of failure)
Confirm with . or Enter, or press ? or * to list all spells.
Flames lash the orc.
You kill the orc!
* * * LOW HITPOINT WARNING * * *
The vampire mosquito barely misses you. The vampire mosquito bites you!
* * * LOW HITPOINT WARNING * * *
Casting: Scorch (safe; 1% risk of failure)
Confirm with . or Enter, or press ? or * to list all spells.
Flames lash the vampire mosquito.
The vampire mosquito is burned terribly!
The vampire mosquito is severely damaged.
* * * LOW HITPOINT WARNING * * *
The vampire mosquito barely misses you.
An orc comes into view. It is wielding a +0 mace.
The vampire mosquito bites you!
* * * LOW HITPOINT WARNING * * *
The vampire mosquito bites you.
You die...

#.# #.## #># #. #.# #. #.#
##.########.# ............#
# ##....### ##.####
#####.##############.......
.# #.##........@y†o.# .#
#.##.###########.# .#
#.##.# ... ## #.##.# .#y#
#.##.####### .#.y.
#####........... .# ###
.........######. .#
########## .#


You could see a vampire mosquito (combustible) and an orc.

Vanquished Creatures
  A two-headed ogre (D:9)
  4 centaur zombies
  A steam dragon (D:7)
  3 vampire mosquitoes (D:9)
  5 water moccasins
  2 orc warriors
  3 ice beasts
  2 necrophages
  2 ogres
  2 black bears
  A centaur (D:5)
  A phantom (D:7)
  A kobold brigand (D:8)
  Blork the orc (D:4)
  3 bullfrogs
  A wyvern zombie (D:7)
  2 scorpions (D:6)
  A water moccasin zombie (D:6)
  A howler monkey (D:8)
  3 jellies
  2 bullfrog skeletons
  4 hounds
  3 orc priests
  A centaur skeleton (D:7)
  Terence (D:2)
  An iguana (D:5)
  8 orc wizards
  3 gnolls (D:2)
  10 adders
  2 howler monkey skeletons (D:6)
  A white imp (D:8)
  19 orcs
  8 ball pythons
  7 endoplasms
  10 goblins
  6 hobgoblins
  9 jackals
  2 quokkas (D:1)
  9 bats
  5 frilled lizards
  14 kobolds
  9 rats
174 creatures vanquished.

Vanquished Creatures (others)
  An iguana (D:6)
  58 foxfires
  6 fungi
65 creatures vanquished.

Grand Total: 239 creatures vanquished

Notes
Turn   | Place    | Note
-------+----------+-------------------------------------------
     0 | D:1      | Bruhh the Djinni Cinder Acolyte began the quest for the
                  | Orb.
     0 | D:1      | Reached XP level 1. HP: 20/20 MP: 0/0
     3 | D:1      | Noticed an electric eel
   117 | D:1      | Reached XP level 2. HP: 16/25 MP: 0/0
   182 | D:1      | Reached skill level 3 in Spellcasting
   256 | D:1      | Found a faded altar of an unknown god.
   701 | D:2      | Reached XP level 3. HP: 29/30 MP: 0/0
   701 | D:2      | Learned a level 1 spell: Freeze
   835 | D:2      | Reached XP level 4. HP: 23/35 MP: 0/0
   890 | D:2      | Reached skill level 4 in Spellcasting
  1122 | D:2      | Noticed Terence
  1123 | D:2      | Reached XP level 5. HP: 34/40 MP: 0/0
  1123 | D:2      | Learned a level 2 spell: Blink
  1126 | D:2      | Killed Terence
  1321 | D:3      | Identified the +2 cloak of Erghadaoz {Rampage rPois}
  1763 | D:4      | Noticed Blork the orc
  1767 | D:4      | Killed Blork the orc
  1768 | D:4      | Reached XP level 6. HP: 42/46 MP: 0/0
  1803 | D:4      | Reached skill level 5 in Spellcasting
  2016 | D:4      | Noticed an ogre
  2055 | D:4      | Killed an ogre
  2188 | D:4      | Reached XP level 7. HP: 44/50 MP: 0/0
  2188 | D:4      | Learned a level 3 spell: Ignite Poison
  2468 | D:5      | Entered Level 5 of the Dungeon
  2514 | D:5      | Found a staircase to the Ecumenical Temple.
  2574 | Temple   | Entered the Ecumenical Temple
  2664 | D:5      | Reached skill level 6 in Spellcasting
  2716 | D:5      | Reached skill level 7 in Spellcasting
  2716 | D:5      | Reached XP level 8. HP: 35/56 MP: 0/0
  2887 | D:5      | Found a runed translucent gate.
  2888 | D:5      | Found a runed translucent gate.
  2889 | D:5      | Found a runed translucent gate.
  2891 | D:5      | Noticed IcyS's ghost (novice GrEE)
  2962 | D:5      | Found an ornate altar of the Wu Jian Council.
  3428 | D:6      | Reached skill level 8 in Spellcasting
  3723 | D:6      | Reached XP level 9. HP: 32/60 MP: 0/0
  3723 | D:6      | Learned a level 4 spell: Summon Lightning Spire
  3760 | D:6      | Found a runed translucent door.
  3761 | D:6      | Noticed Crazy Yiuf
  3934 | D:6      | Reached skill level 9 in Spellcasting
  4002 | D:6      | Found a glowing golden altar of the Shining One.
  4424 | D:6      | Found a glowing silver altar of Zin.
  5085 | D:7      | Reached skill level 10 in Spellcasting
  5147 | D:7      | Found a bloodstained altar of Trog.
  5408 | D:7      | Found a white marble altar of Elyvilon.
  5473 | D:7      | Found a shadowy altar of Dithmenos.
  5505 | D:7      | Found a stormy altar of Qazlal.
  5616 | D:7      | Found an opulent altar of Gozag.
  5634 | D:7      | Reached XP level 10. HP: 59/67 MP: 0/0
  5700 | D:7      | Reached skill level 1 in Evocations
  6208 | D:8      | Reached skill level 5 in Fighting
  6925 | D:9      | Noticed a two-headed ogre
  6940 | D:9      | Killed a two-headed ogre
  7063 | D:9      | HP: 2/76 [vampire mosquito (10)]
  7064 | D:9      | Slain by a vampire mosquito

Illustrated notes

Levels and vault maps discovered:
D:1:      arrival_aquarium_a, layout_rooms, shapermc_ecumenical_altar_ellora
D:2:      layout_loops_ring, uniq_terence
D:3:      minmay_spotlight, layout_rooms, minmay_crystal_water
D:4:      layout_cave_pods, uniq_blork_the_orc
D:5:      layout_basic, kennysheep_little_box, minmay_temple_entry_junction,
          ebering_ghost_rock_garden, serial_aquarium,
          aquarium_bridge_long_joined [aquarium_subvault_window,
          aquarium_subvault_window, aquarium_subvault_bridge,
          aquarium_subvault_balcony, aquarium_subvault_bridge,
          aquarium_subvault_bridge], aquarium_bridge_straight
          [aquarium_subvault_bridge, aquarium_subvault_window,
          aquarium_subvault_bridge, aquarium_subvault_balcony],
          aquarium_window_fake, aquarium_window_fake, aquarium_view_4,
          aquarium_pool_2, kennysheep_potato
D:6:      layout_loops_corners, lemuel_coloured_pillars_altar,
          mainiacjoe_overflow_surrounded_room, lemuel_flame_loot_1,
          uniq_crazy_yiuf_cottage
D:7:      layout_basic, grunt_gozag_statues, lemuel_doored_altar,
          mainiacjoe_overflow_paths, mainiacjoe_overflow_two_lobes,
          ebering_dispersal_statue_hall, kennysheep_windowed_goal
D:8:      layout_loops_cross, palyth_temple_overflow_mages, serial_aquarium,
          aquarium_bridge_square [aquarium_subvault_window,
          aquarium_subvault_window, aquarium_subvault_wall,
          aquarium_subvault_bridge], aquarium_window_2, aquarium_window_2,
          aquarium_view_2d, st_stairs_1
D:9:      layout_loops_ring, nicolae_hepliaklqana_monster_ancestors
Temple:   zaba_magenta_temple

Skill      XL: |  1  2  3  4  5  6  7  8  9 10 |
---------------+-------------------------------+-----
Spellcasting   | 3 4 5 7 8 10 | 10.4
Evocations     | 1 |  1.0
Fighting       | 7 |  7.9
Long Blades    | |  2.6

Action                   |  1- 3 |  4- 6 |  7- 9 | 10-12 || total
-------------------------+-------+-------+-------+-------++-------
Melee: Falchion          |    32 |     1 |     1 |     5 ||    39
Throw: Dart              |       |       |     1 |       ||     1
 Cast: Scorch            |    18 |    74 |   129 |    76 ||   297
       Summon Lightning  |       |       |     1 |     2 ||     3
Invok: Foxfire Swarm     |       |     2 |     1 |       ||     3
       Rising Flame      |       |       |     1 |       ||     1
Armor: Robe              |     7 |     8 |    34 |    20 ||    69
Dodge: Dodged            |    22 |    13 |    55 |    32 ||   122
